 Dungeon Crawl Stone Soup version 0.23.2-1-ga50397a (webtiles) character file.

Game seed: 7262350801794531245

269 teukkam the Shield-Bearer (level 6, -9/52 HPs)
             Began as a Minotaur Fighter on Apr 16, 2019.
             Was an Initiate of Okawaru.
             Mangled by an ogre
             ... wielding a +0 giant club
              (11 damage)
             ... on level 4 of the Dungeon.
             The game lasted 00:11:28 (1976 turns).

teukkam the Shield-Bearer (Minotaur Fighter)        Turns: 1976, Time: 00:11:29

Health: -9/52      AC:  8    Str: 22    XL:     6   Next: 1%
Magic:  5/5        EV:  5    Int:  5    God:    Okawaru [......]
Gold:   183        SH: 17    Dex: 10    Spells: 5/5 levels left

rFire    . . .     SeeInvis .   a - +1 war axe
rCold    . . .     Gourm    .   e - +0 large shield
rNeg     . . .     Faith    .   y - +0 scale mail
rPois    .         Spirit   .   (helmet restricted)
rElec    .         Reflect  +   u - +0 cloak
rCorr    .         Harm     .   (no gloves)
MR       .....                  (no boots)
Stlth    ..........             m - +3 amulet of reflection
HPRegen  0.17/turn              (no ring)
MPRegen  0.09/turn              (no ring)

@: no status effects
A: retaliatory headbutt, horns 2
a: Renounce Religion


You were on level 4 of the Dungeon.
You worshipped Okawaru.
Okawaru was noncommittal.
You were not hungry.

You visited 1 branch of the dungeon, and saw 5 of its levels.

You collected 183 gold pieces.

Inventory:

Hand Weapons
 a - a +1 war axe (weapon)
 b - a +0 hunting sling
Missiles
 t - 3 silver javelins (quivered)
 v - 25 sling bullets
 x - 5 silver tomahawks
 B - 6 javelins
Armour
 e - a +0 large shield (worn)
 u - a +0 cloak (worn)
 y - a +0 scale mail (worn)
Jewellery
 m - a +3 amulet of reflection (around neck)
 q - a cursed amulet of inaccuracy {unknown}
Wands
 z - a wand of flame (23)
 A - a wand of random effects (9)
Scrolls
 g - a scroll of fog {unknown}
 j - 5 scrolls of identify
 n - a scroll of blinking {unknown}
 p - a scroll of remove curse
 s - a scroll of teleportation {unknown}
 w - 3 scrolls of magic mapping {unknown}
Potions
 c - a potion of resistance
 d - a potion of might
 h - a potion of cancellation {unknown}
 i - 2 potions of agility {unknown}
 k - 3 potions of curing {unknown}
 l - a potion of degeneration {unknown}
 o - 2 potions of magic {unknown}
 r - 3 potions of brilliance {unknown}
Comestibles
 f - 9 rations


   Skills:
 - Level 4.2 Fighting
 - Level 3.0 Axes
 + Level 3.0(3.7) Slings
 + Level 2.7(3.3) Throwing
 - Level 4.4 Armour
 - Level 0.4 Dodging
 - Level 4.7 Shields


You had 5 spell levels left.
You didn't know any spells.
Your spell library was empty.

Dungeon Overview and Level Annotations

Branches:
Dungeon (5/15)
 Temple: D:4-7

Altars:
Kikubaaqudgha
Okawaru


Innate Abilities, Weirdness & Mutations

You reflexively headbutt those who attack you in melee.
You have a pair of horns on your head.


Message History

You see here 5 stones.
You now have 183 gold pieces (gained 16).
Found a leather armour.
An ogre comes into view. It is wielding a +0 giant club.
You slash the ogre! Your headbutt misses the ogre.
The ogre is moderately wounded.
The ogre hits you with a +0 giant club!!
Ouch! That really hurt!
You block the ogre's attack.
You slash the ogre! You headbutt the ogre.
The ogre is severely wounded.
You block the ogre's attack.
You hit the ogre.
The ogre is almost dead.
The ogre hits you with a +0 giant club!!
* * * LOW HITPOINT WARNING * * *
You hit the ogre.
The ogre is almost dead.
The ogre hits you with a +0 giant club!
You die...

............................#
#.#####.###################.#
# #.#####... #.# #.##.....###
#.# #.# ....... #.# #.#
.....# #.# #.# .[..# #.# #.
#O..# #.# #@..# #.# #.#.# #.#
#.# # #.# #.# #.# #.# #.#
#.#############.#
#...............#
#.###########.###
#############..##


You could see an ogre.

Vanquished Creatures
  An orc wizard (D:3)
  An orc priest (D:3)
  Jessica (D:3)
  Ijyb (D:3)
  A worker ant (D:4)
  4 adders
  An ooze (D:1)
  An adder zombie (D:2)
  2 worms
  A dart slug (D:2)
  5 leopard geckos
  7 orcs (D:3)
  5 giant cockroaches
  5 goblins
  9 hobgoblins
  2 jackals (D:1)
  8 kobolds
  2 quokkas
  3 ball pythons
  5 bats
  6 frilled lizards
  6 rats
77 creatures vanquished.

Notes
Turn   | Place    | Note
-------+----------+-------------------------------------------
     0 | D:1      | teukkam the Minotaur Fighter began the quest for the Orb.
     0 | D:1      | Reached XP level 1. HP: 19/19 MP: 0/0
    24 | D:1      | Reached XP level 2. HP: 23/27 MP: 1/1
   318 | D:1      | Reached XP level 3. HP: 28/33 MP: 2/2
   773 | D:2      | Reached XP level 4. HP: 38/40 MP: 3/3
  1321 | D:3      | Reached skill level 1 in Slings
  1321 | D:3      | Reached skill level 1 in Throwing
  1460 | D:3      | Found an iron altar of Okawaru.
  1463 | D:3      | Reached XP level 5. HP: 46/46 MP: 4/4
  1469 | D:3      | Noticed Jessica
  1485 | D:3      | Killed Jessica
  1490 | D:3      | Became a worshipper of Warmaster Okawaru
  1755 | D:3      | Noticed Ijyb
  1762 | D:3      | Killed Ijyb
  1817 | D:5      | Entered Level 5 of the Dungeon
  1836 | D:4      | Reached XP level 6. HP: 51/52 MP: 5/5
  1890 | D:4      | Found an ancient bone altar of Kikubaaqudgha.
  1975 | D:4      | HP: 2/52 [ogre/+0 giant club (23)]
  1976 | D:4      | Mangled by an ogre

Skill      XL: |  1  2  3  4  5 |
---------------+----------------+-----
Armour         | 4 |  4.4
Shields        | 4 |  4.7
Fighting       | 4 |  4.2
Axes           | 3 |  3.0
Slings         | 1 3 |  3.0
Throwing       | 1 2 |  2.7
Dodging        | |  0.4

Action                   |  1- 3 |  4- 6 || total
-------------------------+-------+-------++-------
Melee: War axe           |    95 |    89 ||   184
       Headbutt          |    16 |    11 ||    27
 Fire: Hunting sling     |       |     4 ||     4
Throw: Javelin           |       |     2 ||     2
  Use: Scroll            |       |     4 ||     4
  Eat: Chunk             |       |     4 ||     4
Armor: Scale mail        |    41 |    20 ||    61
Dodge: Dodged            |    17 |    11 ||    28
Block: Shield            |     6 |       ||     6
       Large shield      |    70 |    92 ||   162
       Reflection        |     2 |     2 ||     4
